 Dungeon Crawl Stone Soup version 0.30.0-5-g1a98f26d00 (webtiles) character file.

Game seed: 17897720690550742892

1515 jimonade the Trooper (level 8, 0/62 HPs)
             Began as a Mummy Monk on May 9, 2023.
             Was an Initiate of Ru.
             Slain by a killer bee (6 damage)
             ... on level 7 of the Dungeon.
             The game lasted 00:13:42 (5359 turns).

jimonade the Trooper (Mummy Monk)                   Turns: 5359, Time: 00:13:42

Health: 0/62       AC: 12    Str: 14    XL:     8   Next: 53%
Magic:  17/17      EV: 12    Int: 12    God:    Ru [......]
Gold:   356        SH:  0    Dex: 16    Spells: 7/7 levels left

rFire   x . .        a - +11 short sword of Evisceration {pain, Fragile rN+ MP+9 Dex+2}
rCold   + . .        c - orb {light}
rNeg    + + +        p - +0 ring mail
rPois   ∞            m - +2 helmet
rElec   .            y - +0 cloak
rCorr   .            u - +0 pair of gloves
SInv    +            v - +0 pair of boots
Will    +....        (no amulet) Stlth
                     o - ring of see invisible
HPRegen 0.30/turn    (no ring)
MPRegen 0.15/turn

%: faith
@: glowing
A: cold resistance 1, negative energy resistance 3, torment resistance 2, heat
vulnerability 1, no stealth, in touch with death 1, no potions, faith
a: Renounce Religion


You were on level 7 of the Dungeon.
You worshipped Ru.
Ru was noncommittal.
You visited 2 branches of the dungeon, and saw 8 of its levels.

You collected 356 gold pieces.

Inventory:

Hand Weapons
 a - the +11 short sword of Evisceration (weapon) {pain, Fragile rN+ MP+9 Dex+2}
   (You found it on level 3 of the Dungeon)

   Dex:       It affects your dexterity (+2).
   rN:        It protects you from negative energy.
   MP:        It affects your magic capacity (+9).
   Fragile:   It will be destroyed if unequipped.
 b - a +5 rapier of freezing
 i - a +0 mace
 r - a +0 sling
 t - a +0 whip
 w - a +2 mace of protection
 F - a +3 whip
Missiles
 j - 54 stones (quivered)
 E - 3 atropa-tipped darts
Armour
 c - an orb of light (worn)
 l - a +0 scale mail
 m - a +2 helmet (worn)
 p - a +0 ring mail (worn)
 u - a +0 pair of gloves (worn)
 v - a +0 pair of boots (worn)
 y - a +0 cloak (worn)
 H - a +0 robe
Magical Staves
 G - a staff of death
Jewellery
 o - a ring of see invisible (left hand)
 C - a +6 ring of intelligence
Wands
 z - a wand of roots (10)
Scrolls
 d - 6 scrolls of teleportation
 e - 4 scrolls of enchant armour
 f - 2 scrolls of torment
 h - 2 scrolls of fear
 k - a scroll of immolation
 x - 2 scrolls of fog
 B - a scroll of blinking {unknown}


   Skills:
 + Level 5.2 Fighting
 + Level 4.1 Short Blades
 - Level 3.7 Maces & Flails
 + Level 4.1 Armour
 + Level 3.6 Dodging
 * Level 3.8 Necromancy


You had 7 spell levels left.
You didn't know any spells.
Your spell library contained the following spells:

 Spells                   Type           Power      Damage    Failure   Level
 Hailstorm                Conj/Ice       0%         3d3       88%         3
 Simulacrum               Ice/Necr       3%         N/A       100%        6
 Ice Form                 Ice/Tmut       Unusable   N/A       N/A         4

Dungeon Overview and Level Annotations

Branches:
Dungeon (7/15)             Temple (1/1) D:5

Altars:
Cheibriados
Dithmenos
Fedhas
Gozag
Hepliaklqana
Kikubaaqudgha
Makhleb
Nemelex Xobeh
Okawaru
Ru
Uskayaw
Vehumet
Wu Jian
Xom
Yredelemnul

Shops:
D:6 *

Annotations:
D:2 exclusion: downstairs


Innate Abilities, Weirdness & Mutations

You are immune to poison.
Your flesh is cold resistant. (rC+)
You are immune to negative energy. (rN+++)
You are immune to unholy pain and torment.
You are vulnerable to heat. (rF-)
You cannot be stealthy.
You are in touch with the powers of death.
You do not drink.
You have a special connection with the divine. (Faith)


Message History

You closely miss the killer bee. The killer bee closely misses you. x2
The killer bee stings you but does no damage.
The killer bee barely misses you. The killer bee stings you.
You closely miss the killer bee. The killer bee stings you! x2
The killer bee stings you.
You are too injured to fight recklessly!
You are too injured to fight recklessly!
You are too injured to fight recklessly!
You are too injured to fight recklessly!
You hit the killer bee.
The killer bee is lightly wounded.
The killer bee stings you.
The killer bee stings you but does no damage.
The killer bee stings you. x2
* * * LOW HITPOINT WARNING * * *
The killer bee barely misses you. The killer bee stings you.
* * * LOW HITPOINT WARNING * * *
You hit the killer bee.
The killer bee is moderately wounded.
The killer bee closely misses you. The killer bee barely misses you.
The killer bee stings you but does no damage.
You hit the killer bee.
The killer bee writhes in agony.
The killer bee is moderately wounded.
The killer bee barely misses you. The killer bee stings you.
* * * LOW HITPOINT WARNING * * *
The killer bee stings you.
* * * LOW HITPOINT WARNING * * *
The killer bee barely misses you. The killer bee misses you.
The killer bee closely misses you.
You barely miss the killer bee. The killer bee closely misses you. x4
The killer bee barely misses you. The killer bee stings you.
* * * LOW HITPOINT WARNING * * *
You puncture the killer bee!
The killer bee writhes in agony.
You kill the killer bee!
The killer bee barely misses you. The killer bee stings you.
* * * LOW HITPOINT WARNING * * *
You puncture the killer bee!
The killer bee is heavily wounded.
The killer bee stings you.
You die...

**** *,,* *** ###
***,,****,*#########.## ****
**,,,,,#..##...#@#....#*****~~*
*,,,,,,#.......yyy...##*⌠*⌠**~*
,,,,,,,...........##.#*~~~~~*~*
,,,,,,*#.#....<......#*~,,,~*~*
,,,,,,,**####........#⌠~,,,~*~**
,,,,,,,,*,,#.........#*~,_,,+,,*
,,,,,,,,,,..)........#⌠~,,,~*~,*
,,,,,,,,,............#*~,,,~*~,*
,,,,,,,,,............#*~~~~~*~,*


You could see 3 killer bees.

Vanquished Creatures
  Eustachio (D:6)
  3 water moccasins
  A black bear (D:5)
  2 ogres
  2 bullfrogs
  2 scorpions
  2 killer bees (D:7)
  A hound (D:4)
  2 jellies (D:5)
  3 orc priests
  A gnoll bouda (D:5)
  2 iguanas
  4 gnolls (D:5)
  5 adders
  A worm (D:2)
  A dart slug (D:1)
  15 orcs
  3 ball pythons
  3 bats
  10 endoplasms
  4 giant cockroaches
  5 goblins
  3 hobgoblins
  7 jackals (D:4)
  3 quokkas
  A frilled lizard (D:1)
  9 kobolds
  15 rats
111 creatures vanquished.

Notes
Turn   | Place    | Note
-------+----------+-------------------------------------------
     0 | D:1      | jimonade the Mummy Monk began the quest for the Orb.
     0 | D:1      | Reached XP level 1. HP: 18/18 MP: 1/1
   116 | D:1      | Reached XP level 2. HP: 19/24 MP: 2/2
   938 | D:2      | Gained mutation: You are in touch with the powers of death.
                  | [Mummy growth]
   938 | D:2      | Reached XP level 3. HP: 29/29 MP: 3/3
  1784 | D:3      | Noticed an ogre
  2015 | D:3      | Noticed a water moccasin
  2041 | D:3      | Killed a water moccasin
  2042 | D:3      | Reached skill level 1 in Armour
  2042 | D:3      | Reached XP level 4. HP: 3/37 MP: 4/4
  2042 | D:3      | Reached XP level 5. HP: 3/42 MP: 5/5
  2258 | D:3      | Identified the +11 short sword of Evisceration {pain,
                  | Fragile rN+ MP+9 Dex+2}
  2390 | D:3      | Killed an ogre
  2391 | D:3      | Reached skill level 4 in Fighting
  2562 | D:3      | Reached XP level 6. HP: 48/48 MP: 6/6
  2916 | D:4      | Reached skill level 1 in Necromancy
  2936 | D:4      | Found an opulent altar of Gozag.
  3068 | D:4      | Found a sacrificial altar of Ru.
  3075 | D:4      | Became a worshipper of Ru the Awakened
  3326 | D:5      | Entered Level 5 of the Dungeon
  3526 | D:5      | Reached skill level 1 in Short Blades
  3810 | D:5      | Found a basalt altar of Yredelemnul.
  3846 | D:5      | Found a shadowy altar of Dithmenos.
  3893 | D:5      | Found an ancient bone altar of Kikubaaqudgha.
  4095 | D:5      | Found a staircase to the Ecumenical Temple.
  4268 | D:5      | Reached XP level 7. HP: 46/55 MP: 7/7
  4317 | Temple   | Entered the Ecumenical Temple
  4806 | D:6      | Found Zin's Purification Station.
  5012 | D:6      | Found an iron altar of Okawaru.
  5018 | D:6      | Reached XP level 8. HP: 61/61 MP: 8/8
  5018 | D:6      | Gained mutation: You cannot be stealthy. [Ru sacrifice]
  5044 | D:6      | Reached skill level 5 in Fighting
  5080 | D:6      | Noticed Eustachio
  5091 | D:6      | Killed Eustachio
  5223 | D:6      | You fall into a shaft and drop 1 floor!
  5359 | D:7      | Slain by a killer bee

Illustrated notes

Levels and vault maps discovered:
D:1:      minmay_arrival_nine_rooms, layout_loops_cross, minmay_misc_feat_iff,
          minmay_rat_gold_closets
D:2:      layout_basic, amcnicky_mini_corridor_feature
D:3:      layout_loops_cross, nicolae_figureground_sparkle
D:4:      layout_cave_pools, mainiacjoe_overflow_boulevard,
          nicolae_ru_the_path_less_chosen
D:5:      layout_layer_cave, lemuel_doored_altar, kiku_gazebo_garden_becter,
          grunt_dithmenos_smoke_and_mirrors, minmay_temple_entry_arrows,
          due_unseen_surprise
D:6:      layout_basic, zin_purify, mainiacjoe_overflow_concentric_impassable,
          nicolae_sif_muna_little_library, uniq_eustachio
D:7:      layout_cave_pools, lightli_temple_of_fire, serial_shops, shop,
          enter_bailey_5, minivault_25, uniq_pikel
Temple:   nicolae_temple_bog_church

Skill      XL: |  1  2  3  4  5  6  7  8 |
---------------+-------------------------+-----
Maces & Flails | 3 |  3.7
Armour         | 1 2 3 4 |  4.1
Fighting       | 4 5 |  5.2
Dodging        | 3 |  3.6
Necromancy     | 2 3 |  3.8
Short Blades   | 1 3 4 |  4.1

Action                     |  1- 3 |  4- 6 |  7- 9 || total
---------------------------+-------+-------+-------++-------
  Melee: Mace              |    50 |       |       ||    50
         Whip              |    85 |     4 |       ||    89
         Short sword       |       |    98 |    69 ||   167
 Invoke: Reject Sacrifices |       |     1 |       ||     1
         Sacrifice Stealth |       |       |     1 ||     1
    Use: Scroll            |       |     5 |     7 ||    12
 Armour: Robe              |     3 |       |       ||     3
         Ring mail         |    27 |    43 |    25 ||    95
         Scale mail        |     6 |       |       ||     6
  Dodge: Dodged            |    57 |    56 |    49 ||   162
